 Dungeon Crawl Stone Soup version 0.20.0-15-g7f486f2 (webtiles) character file.

1033 Hook the Insei (level 8, -1/48 HPs)
             Began as an Octopode Transmuter on June 20, 2017.
             Slain by Hook's ghost (11 damage)
             ... on level 4 of the Dungeon.
             The game lasted 00:22:17 (5962 turns).

Hook the Insei (Octopode Transmuter)                Turns: 5962, Time: 00:22:19

Health: -1/48      AC:  1    Str:  9    XL:     8   Next: 24%
Magic:  16/22      EV: 14    Int: 18    God:
Gold:   173        SH:  0    Dex: 12    Spells: 4/14 levels left

rFire    + . .     SeeInvis .     - Unarmed
rCold    x . .     Gourm    .   (no shield)
rNeg     . . .     Faith    .   (helmet restricted)
rPois    .         Spirit   .   (no amulet)
rElec    .         Reflect  .   r - ring of fire
rCorr    .         Harm     .   q - ring of magical power
MR       .....                  (no ring)
Stlth    +++.......             (no ring)
Regen    0.2/turn               (no ring)
MPRegen  0.2/turn               (no ring)
                                (no ring)
                                (no ring)

@: confusing touch, appendage
A: almost no armour, stealthy swim, amphibious, 8 rings, constrict 8, tentacle
spike 3, camouflage 1, gelatinous body 1
a: End Transformation


You were on level 4 of the Dungeon.
You were not hungry.
One of your tentacles had a temporary spike.
You visited 1 branch of the dungeon, and saw 4 of its levels.

You collected 173 gold pieces.

Inventory:

Missiles
 a - 5 arrows
 e - 7 javelins (quivered)
 s - 2 throwing nets
 v - 6 needles of frenzy
Jewellery
 q - a ring of magical power (right tentacle)
 r - a ring of fire (left tentacle)
Wands
 m - a wand of digging (8/24)
Scrolls
 h - 4 scrolls of remove curse
 l - a scroll of teleportation
Potions
 c - 2 potions of heal wounds {unknown}
 g - a potion of might {unknown}
 i - 2 potions of degeneration {unknown}
 n - a potion of cancellation {unknown}
 o - a potion of curing {unknown}
 p - a potion of haste {unknown}
 t - a potion of invisibility {unknown}
Books
 b - a book of Changes

   Spells                             Type                      Level
   a - Beastly Appendage              Transmutation                1
   b - Sticks to Snakes               Transmutation                2
   c - Spider Form                    Transmutation/Poison         3
   d - Ice Form                       Ice/Transmutation            4
   e - Blade Hands                    Transmutation                5
 k - a book of Misfortune

   Spells                             Type                      Level
   a - Confusing Touch                Hexes                        1
   b - Confuse                        Hexes                        3
   c - Gell's Gravitas                Translocation                3
   d - Petrify                        Transmutation/Earth          4
   e - Metabolic Englaciation         Hexes/Ice                    5
   f - Yara's Violent Unravelling     Hexes/Transmutation          5
Comestibles
 d - a chunk of flesh
 f - 2 bread rations
 j - 2 royal jellies


   Skills:
 + Level 1.5 Fighting
 + Level 0.4 Throwing
 * Level 3.9 Dodging
 + Level 3.9 Stealth
 + Level 4.7 Unarmed Combat
 + Level 3.8 Spellcasting
 * Level 3.6 Hexes
 * Level 4.2 Transmutations
 - Level 2.4 Poison Magic


You had 4 spell levels left.
You knew the following spells:

 Your Spells              Type           Power        Failure   Level  Hunger
a - Beastly Appendage     Tmut           ###...       2%          1    None
b - Confusing Touch       Hex            ###...       3%          1    None
c - Spider Form           Tmut/Pois      ###.......   12%         3    ###....
d - Sticks to Snakes      Tmut           ###.....     3%          2    ##.....
e - Confuse               Hex            ###.....     10%         3    ###....


Dungeon Overview and Level Annotations

Branches:
Dungeon (4/15)
 Temple: D:4-7

Altars:
Elyvilon
Fedhas
Kikubaaqudgha
The Shining One

Shops:
D:4 *

Annotations:
D:4 Hook's ghost, amateur MfSk


Innate Abilities, Weirdness & Mutations

You cannot wear most types of armour.
You are very stealthy in the water. (Stealth+)
You are amphibious.
You can wear up to eight rings at the same time.
You can use your tentacles to constrict eight enemies at once.
Your skin changes colour to match your surroundings (Stealth+).
Your rubbery body absorbs attacks. (AC +1, EV +1)
One of your tentacles bears a large vicious spike.


Message History

Your tentacle-slap misses Hook's ghost.
Hook's ghost is severely damaged.
Hook's ghost hits you.
You are too injured to fight recklessly!
You are too injured to fight recklessly!
Casting: Confusing Touch
Confirm with . or Enter, or press ? or * to list all spells.
One of your tentacles grows a vicious spike.
Hook's ghost hits you!
* * * LOW HITPOINT WARNING * * *
You are too injured to fight recklessly!
You are too injured to fight recklessly!
You are too injured to fight recklessly!
You tentacle-slap Hook's ghost but do no damage.
Your tentacle spike misses Hook's ghost.
Your tentacle-slap misses Hook's ghost.
Your squeeze misses Hook's ghost.
Hook's ghost is severely damaged.
Hook's ghost wails, "You must not succeed where I failed!"
Hook's ghost hits you!
You die...

,,...#...>..........#
,,..###.###..##.....#
#######.#######...###***
.............##...##*,,**
[.....<............+,,,,*
.....##..######....#,,,,*
.....##..##..##....#,,,,*
.............##...##,,,,*
.............##.@.#***+**
##'#####..#..##.W..#,,,,*
..)############....+,,,,*
.)).....# *.....#,,,,*
.<......# ##...#.,,,**
..).....# #######***
........# ........#
...##..##


You could see Hook's ghost.

Vanquished Creatures
  A scorpion (D:4)
  6 orc wizards
  2 gnoll shamans (D:3)
  An orc priest (D:3)
  2 worker ants (D:4)
  A hound skeleton (D:4)
  45 gnolls (D:3)
  6 adders
  An ooze (D:1)
  A worm (D:2)
  2 dart slugs
  10 orcs
  A ball python (D:2)
  9 bats
  A giant cockroach (D:3)
  13 goblins
  6 hobgoblins
  14 jackals (D:3)
  5 kobolds
  A quokka (D:2)
  3 frilled lizards
  4 rats
135 creatures vanquished.

Vanquished Creatures (collateral kills)
  An ogre (D:3)
  4 gnolls (D:3)
5 creatures vanquished.

Grand Total: 140 creatures vanquished

Notes
Turn   | Place    | Note
-------+----------+-------------------------------------------
     0 | D:1      | Hook the Octopode Transmuter began the quest for the Orb.
     0 | D:1      | Reached XP level 1. HP: 13/13 MP: 3/3
   126 | D:1      | Reached XP level 2. HP: 18/18 MP: 3/5
   741 | D:1      | Reached XP level 3. HP: 20/23 MP: 4/6
   951 | D:2      | HP: 1/23 [worm (12)]
  1192 | D:2      | Learned a level 1 spell: Confusing Touch
  1312 | D:2      | Found a white marble altar of Elyvilon.
  1667 | D:2      | Reached skill level 1 in Stealth
  1669 | D:2      | Reached skill level 1 in Hexes
  1669 | D:2      | Reached XP level 4. HP: 15/28 MP: 7/7
  1815 | D:2      | Found an ancient bone altar of Kikubaaqudgha.
  1815 | D:2      | Found a blossoming altar of Fedhas.
  1821 | D:2      | Found a glowing golden altar of the Shining One.
  1823 | D:2      | Found a faded altar of an unknown god.
  1825 | D:2      | Found a faded altar of an unknown god.
  1909 | D:2      | Learned a level 3 spell: Spider Form
  2299 | D:3      | Reached XP level 5. HP: 29/33 MP: 5/8
  3059 | D:3      | Noticed an ogre
  3401 | D:3      | Reached XP level 6. HP: 38/38 MP: 7/9
  3587 | D:3      | Learned a level 2 spell: Sticks to Snakes
  4049 | D:3      | Reached skill level 1 in Poison Magic
  4049 | D:3      | Reached XP level 7. HP: 43/43 MP: 8/11
  4301 | D:3      | Learned a level 3 spell: Confuse
  5232 | D:4      | Reached XP level 8. HP: 48/48 MP: 10/13
  5455 | D:4      | Noticed Hook's ghost (amateur MfSk)
  5607 | D:4      | Found Wanul's General Store.
  5962 | D:4      | Slain by Hook's ghost

Skill      XL: |  1  2  3  4  5  6  7 |
---------------+----------------------+-----
Stealth        | 1 2 3 |  3.9
Hexes          | 1 2 3 |  3.6
Transmutations | 3 4 |  4.2
Dodging        | 3 |  3.9
Unarmed Combat | 4 |  4.7
Poison Magic   | 1 2 |  2.4
Spellcasting   | 3 |  3.8
Fighting       | |  1.5
Throwing       | |  0.4

Action                   |  1- 3 |  4- 6 |  7- 9 || total
-------------------------+-------+-------+-------++-------
Melee: Unarmed           |    70 |   192 |   175 ||   437
       Constrict         |    17 |    46 |    33 ||    96
       Kick              |    14 |    38 |    27 ||    79
       Tentacles         |    15 |    30 |    30 ||    75
       Punch             |     1 |     7 |     2 ||    10
Throw: Javelin           |       |     3 |     4 ||     7
 Cast: Beastly Appendage |    26 |    22 |    19 ||    67
       Confusing Touch   |     1 |    20 |    28 ||    49
       Spider Form       |       |     6 |    10 ||    16
       Sticks to Snakes  |       |     4 |     3 ||     7
       Confuse           |       |       |     6 ||     6
  Use: Scroll            |     2 |     3 |     6 ||    11
 Stab: Sleeping          |     6 |     4 |     5 ||    15
       Confused          |       |     6 |     5 ||    11
       Distracted        |       |       |     1 ||     1
  Eat: Bread ration      |     1 |       |     1 ||     2
       Chunk             |       |     8 |       ||     8
       Meat ration       |       |     1 |       ||     1
Armor: Skin              |     8 |     4 |     6 ||    18
Dodge: Dodged            |    44 |   130 |   104 ||   278
